 Dungeon Crawl Stone Soup version 0.28-a0-1152-g9c71ebef14 (webtiles) character file.

Game seed: 11766843606429984416

1704 siradein the Chiller (level 8, 0/60 HPs)
             Began as a Vampire Ice Elementalist on Dec 14, 2021.
             Was an Initiate of Yredelemnul.
             Slain by a hornet zombie (6 damage)
             ... on level 6 of the Dungeon.
             The game lasted 00:26:11 (5276 turns).

siradein the Chiller (Vampire Ice Elementalist)     Turns: 5276, Time: 00:26:13

Health: 0/60       AC:  7    Str:  9    XL:     8   Next: 73%
Magic:  5/14       EV: 13    Int: 17    God:    Yredelemnul [......]
Gold:   21         SH:  4    Dex: 15    Spells: 5/16 levels left

rFire   x . .      SeeInvis +   h - +0 rapier
rCold   + . .      Faith    .   v - +0 buckler
rNeg    . . .      Spirit   .   e - +0 leather armour
rPois   .          Reflect  .   (no helmet)
rElec   .          Harm     .   p - +0 cloak
rCorr   .          Rampage  .   y - +1 pair of gloves {infuse}
Will    .....                   s - +0 pair of boots
Stlth   ++........              a - amulet of magic regeneration
HPRegen 0.40/turn               b - ring of ice
MPRegen 0.54/turn               (no ring)

@: healing quickly
A: alive, fangs 3, see invisible, vampiric 2
a: Exsanguinate, Renounce Religion, Recall Undead Harvest


You were on level 6 of the Dungeon.
You worshipped Yredelemnul.
Yredelemnul was noncommittal.
You visited 2 branches of the dungeon, and saw 7 of its levels.

You collected 253 gold pieces.
You spent 232 gold pieces at shops.

Inventory:

Hand Weapons
 h - a +0 rapier (weapon)
 j - a +1 dagger of venom
 t - the +4 dagger "Kyijyde" {vorpal, rF+++ MP+9 Str-5 Int-4}
   (You found it on level 5 of the Dungeon)

   It inflicts extra damage upon your enemies.
   Str:       It affects your strength (-5).
   Int:       It affects your intelligence (-4).
   rF:        It renders you almost immune to fire.
   MP:        It affects your magic capacity (+9).
Armour
 e - a +0 leather armour (worn)
 p - a +0 cloak (worn)
 s - a +0 pair of boots (worn)
 v - a +0 buckler (worn)
 y - a +1 pair of gloves of infusion (worn)
Magical Staves
 l - a staff of death
Jewellery
 a - an amulet of magic regeneration (around neck)
 b - a ring of ice (left hand)
Wands
 k - a wand of iceblast (8)
Scrolls
 c - a scroll of acquirement
 d - a scroll of brand weapon {unknown}
 g - a scroll of teleportation {unknown}
 m - 3 scrolls of magic mapping
 n - a scroll of blinking {unknown}
 x - a scroll of holy word {unknown}
Potions
 f - 4 potions of curing
 i - a potion of cancellation
 o - a potion of ambrosia {unknown}
 q - a potion of attraction {unknown}
 r - a potion of degeneration {unknown}
 u - a potion of flight {unknown}
 w - a potion of lignification {unknown}


   Skills:
 + Level 3.7 Fighting
 + Level 2.4 Staves
 + Level 1.2 Armour
 + Level 5.3 Dodging
 - Level 3.0 Stealth
 + Level 1.5 Shields
 + Level 4.5 Spellcasting
 + Level 6.0 Ice Magic
 + Level 2.7 Invocations
 + Level 3.1 Evocations


You had 5 spell levels left.
You knew the following spells:

 Your Spells              Type           Power      Damage    Failure   Level
a - Freeze                Ice            100%       1d11      2%          1
b - Frozen Ramparts       Ice            72%        1d9       7%          3
c - Ozocubu's Armour      Ice            36%        N/A       7%          3
d - Hailstorm             Conj/Ice       21%        3d6       63%         4

Your spell library contained the following spells:

 Spells                   Type           Power      Damage    Failure   Level
 Sandblast                Erth           6%         2d5       28%         1
 Passwall                 Tmut/Erth      2%         N/A       41%         2
 Sublimation of Blood     Necr           3%         N/A       41%         2
 Wereblood                Tmut           3%         N/A       41%         2
 Dazzling Flash           Conj/Hex       6%         N/A       65%         3
 Stone Arrow              Conj/Erth      6%         3d7       65%         3
 Agony                    Necr           3%         N/A       100%        5
 Silence                  Hex/Air        1%         N/A       100%        5
 Summon Hydra             Summ           1%         N/A       100%        7


Dungeon Overview and Level Annotations

Branches:
Dungeon (6/15)             Temple (1/1) D:4

Altars:
Cheibriados
Dithmenos
Elyvilon
Fedhas
Makhleb
Nemelex Xobeh
Qazlal
Ru
Sif Muna
Uskayaw
Vehumet
Wu Jian
Yredelemnul
Zin

Shops:
D:3 [   D:5 *


Innate Abilities, Weirdness & Mutations

Your natural rate of healing is accelerated.
You have razor-sharp teeth.
You have supernaturally acute eyesight. (SInv)
You are afflicted with vampirism and can become a bat while bloodless.


Message History

The hornet zombie is severely damaged.
The hornet zombie hits you.
You closely miss the hornet zombie. You bite the hornet zombie.
The hornet zombie is severely damaged.
The hornet zombie barely misses you. The hornet zombie hits you!
You barely miss the hornet zombie.
The hornet zombie is severely damaged.
The hornet zombie hits you!
You are too injured to fight recklessly!
You are too injured to fight recklessly!
You are too injured to fight recklessly!
You are too injured to fight recklessly!
You completely miss the hornet zombie.
The hornet zombie is severely damaged.
The hornet zombie barely misses you. x2
You closely miss the hornet zombie.
The hornet zombie is severely damaged.
The hornet zombie hits you. You block the hornet zombie's attack.
You hit the hornet zombie.
The hornet zombie is severely damaged.
The hornet zombie closely misses you. You block the hornet zombie's attack.
The hornet zombie hits you but does no damage.
You closely miss the hornet zombie.
The hornet zombie is severely damaged.
The hornet zombie hits you but does no damage.
You puncture the hornet zombie!
The hornet zombie is almost destroyed.
The hornet zombie closely misses you. The hornet zombie hits you!
You hit the hornet zombie but do no damage.
The hornet zombie is almost destroyed.
The hornet zombie hits you.
* * * LOW HITPOINT WARNING * * *
You hit the hornet zombie.
The hornet zombie is almost destroyed.
The hornet zombie hits you!
* * * LOW HITPOINT WARNING * * *
The hornet zombie hits you.
You die...
Yredelemnul claims you as an undead slave.

#.###....#####...........
###......##..............
#........................
.........................
....<....................
#........................
........................
........#.###...........
#....#.######...@.#...
#...#...#.#.....Z###.
##..#.........#...##
............####...#
.............#.....#
.......)....###.#....>..
....#........#..###.....
....##.....###...........
#.# ##.#..##....#.#....#


You could see a hornet zombie.

Vanquished Creatures
  A komodo dragon (D:6)
  Prince Ribbit (D:6)
  Sigmund (D:6)
  An ice beast (D:6)
  A sky beast (D:6)
  An ogre (D:5)
  A phantom (D:5)
  2 scorpions (D:4)
  2 jellies
  A centaur zombie (D:5)
  An orc priest (D:3)
  6 hounds
  A gnoll shaman (D:6)
  Terence (D:2)
  An orc wizard (D:3)
  A hound skeleton (D:4)
  3 gnolls (D:6)
  6 adders
  An adder skeleton (D:4)
  5 worms
  2 dart slugs
  6 orcs
  10 ball pythons
  9 endoplasms
  2 giant cockroaches (D:1)
  12 goblins
  10 hobgoblins
  7 jackals
  9 kobolds
  3 quokkas
  3 bats
  3 frilled lizards
  11 rats
125 creatures vanquished.

Vanquished Creatures (collateral kills)
  2 gnolls (D:6)
  A jackal (D:4)
3 creatures vanquished.

Vanquished Creatures (others)
  A jackal zombie (D:4)
  An orc zombie (D:5)
2 creatures vanquished.

Grand Total: 130 creatures vanquished

Notes
Turn   | Place    | Note
-------+----------+-------------------------------------------
     0 | D:1      | siradein the Vampire Ice Elementalist began the quest for
                  | the Orb.
     0 | D:1      | Reached XP level 1. HP: 13/13 MP: 3/3
   152 | D:1      | Reached XP level 2. HP: 4/19 MP: 3/5
   591 | D:1      | Gained mutation: You are afflicted with vampirism and can
                  | become a bat while bloodless. [Vampire growth]
   591 | D:1      | Reached XP level 3. HP: 23/25 MP: 3/6
  1130 | D:2      | Learned a level 3 spell: Frozen Ramparts
  1134 | D:2      | Learned a level 3 spell: Ozocubu's Armour
  1159 | D:2      | Reached skill level 1 in Fighting
  1159 | D:2      | Reached XP level 4. HP: 10/32 MP: 4/8
  1515 | D:2      | Noticed Terence
  1529 | D:2      | Killed Terence
  1530 | D:2      | Reached XP level 5. HP: 38/38 MP: 6/9
  2050 | D:3      | Noticed a black bear
  2229 | D:3      | Found a faded altar of an unknown god.
  2237 | D:3      | Reached skill level 5 in Ice Magic
  2260 | D:3      | Found Orem Rutes's Antique Armour Boutique.
  2512 | D:4      | Found a staircase to the Ecumenical Temple.
  2533 | Temple   | Entered the Ecumenical Temple
  2607 | Temple   | Became a worshipper of Yredelemnul the Dark
  2821 | D:4      | Reached skill level 1 in Evocations
  2821 | D:4      | Reached XP level 6. HP: 31/44 MP: 7/10
  2961 | D:4      | Found a snail-covered altar of Cheibriados.
  3100 | D:4      | Learned a level 4 spell: Hailstorm
  3123 | D:4      | Reached * piety under Yredelemnul
  3287 | D:4      | Reached ** piety under Yredelemnul
  3379 | D:4      | Found a blossoming altar of Fedhas.
  3471 | D:4      | Reached skill level 1 in Staves
  3471 | D:4      | Reached skill level 1 in Invocations
  3618 | D:5      | Entered Level 5 of the Dungeon
  3825 | D:5      | Reached XP level 7. HP: 51/51 MP: 8/12
  3972 | D:5      | Found Pifuciwn's CLEARANCE SALE!.
  4262 | D:5      | Identified the +4 dagger "Kyijyde" {vorpal, rF+++ MP+9
                  | Str-5 Int-4}
  4632 | D:6      | Identified a scroll of acquirement
  4762 | D:6      | Noticed Sigmund
  4770 | D:6      | Killed Sigmund
  4771 | D:6      | Reached XP level 8. HP: 58/58 MP: 11/14
  4954 | D:6      | Noticed a komodo dragon
  4962 | D:6      | Killed a komodo dragon
  4963 | D:6      | Reached skill level 5 in Dodging
  4970 | D:6      | Reached skill level 1 in Shields
  5086 | D:3      | Bought a pair of embroidered gloves for 232 gold pieces
  5191 | D:6      | Noticed Prince Ribbit
  5197 | D:6      | Killed Prince Ribbit
  5198 | D:6      | Reached skill level 1 in Armour
  5198 | D:6      | Reached skill level 6 in Ice Magic
  5276 | D:6      | Slain by a hornet zombie

Illustrated notes

Levels and vault maps discovered:
D:1:      zaba_arrival_water, layout_rooms
D:2:      layout_basic, uniq_terence
D:3:      layout_basic, serial_shops, shop,
          hellmonk_ecumenical_altar_dog_temple, ebering_dispersal_statue_hall,
          roderic_roman_lattice
D:4:      layout_loops_ring, mainiacjoe_overflow_concentric_impassable,
          fedhas_altar_fruit_tree, mainiacjoe_overflow_paths,
          minmay_temple_entry_trees, kennysheep_generic_room_12
D:5:      layout_loops_corners, nicolae_shop_clearance
D:6:      layout_cave_pools, uniq_prince_ribbit1, uniq_sigmund
Temple:   minmay_temple_curvy_loop

Skill      XL: |  1  2  3  4  5  6  7  8 |
---------------+-------------------------+-----
Fighting       | 1 2 3 |  3.7
Dodging        | 3 4 5 |  5.3
Spellcasting   | 3 4 |  4.5
Ice Magic      | 5 6 |  6.0
Evocations     | 1 2 3 |  3.1
Staves         | 1 2 |  2.4
Invocations    | 1 2 |  2.7
Shields        | 1 |  1.5
Armour         | 1 |  1.2
Stealth        | |  3.0

Action                   |  1- 3 |  4- 6 |  7- 9 || total
-------------------------+-------+-------+-------++-------
Melee: Unarmed           |    12 |       |       ||    12
       Dagger            |    15 |    90 |    39 ||   144
       Bite              |     5 |     6 |     7 ||    18
       Rapier            |       |     9 |    31 ||    40
 Cast: Freeze            |    48 |    81 |    27 ||   156
       Frozen Ramparts   |       |     5 |     4 ||     9
       Ozocubu's Armour  |       |       |     4 ||     4
  Use: Scroll            |       |     3 |     2 ||     5
 Stab: Distracted        |     1 |       |     1 ||     2
       Sleeping          |       |     7 |     1 ||     8
Armor: Robe              |     2 |       |       ||     2
       Leather armour    |     2 |    41 |    25 ||    68
Dodge: Dodged            |    32 |    96 |    75 ||   203
Block: Buckler           |       |       |     4 ||     4

Table legend: (Time is in decaauts)
 A = Elapsed time spent in this place.
 B = Non-inter-level travel time spent in this place.
 C = Inter-level travel time spent in this place.
 D = Time resting spent in this place.
 E = Time spent auto-exploring this place.
 F = Levels seen in this place.
 G = Mean time per level.
                   A        B        C        D        E       F      G
               +--------+--------+--------+--------+--------+-----+--------+
         Total |   5288 |   4934 |    354 |     15 |   3838 |   7 |  755.4 |
       Dungeon |   5047 |   4693 |    354 |     15 |   3636 |   6 |  841.2 |
        Temple |    240 |    240 |      0 |      0 |    202 |   1 |  240.0 |
               +--------+--------+--------+--------+--------+-----+--------+

Top non-repeatable levels by time:
     D:5: 1120 daAuts
     D:1: 923 daAuts
     D:4: 912 daAuts
     D:2: 837 daAuts
     D:3: 781 daAuts
     D:6: 473 daAuts
  Temple: 240 daAuts
